 Seeded DCSS version 0.25-a0-21-ga5a8db4 (webtiles) character file.

Game seed: 4756008578868161780, levelgen mode: deterministic

348 KnightedAnt the Ducker (level 6, 0/38 HPs)
             Began as a Kobold Gladiator on Oct 15, 2019.
             Was an Initiate of Okawaru.
             Slain by a sky beast (1 damage)
             ... on level 4 of the Dungeon.
             The game lasted 00:07:06 (4521 turns).

KnightedAnt the Ducker (Kobold Gladiator)           Turns: 4521, Time: 00:07:06

Health: 0/38       AC: 10    Str: 12 (13) XL:     6   Next: 91%
Magic:  6/6        EV:  9    Int:  8 (10) God:    Okawaru [......]
Gold:   201        SH:  2    Dex: 14 (16) Spells: 5/5 levels left

rFire    . . .     SeeInvis .   a - +0 trident
rCold    . . .     Gourm    .   (shield currently unavailable)
rNeg     . . .     Faith    .   u - +0 chain mail
rPois    .         Spirit   .   c - +0 helmet
rElec    .         Reflect  +   (no cloak)
rCorr    .         Harm     .   (no gloves)
MR       .....                  z - +0 pair of boots
Stlth    ..........             y - +2 amulet of reflection
HPRegen  0.12/turn              (no ring)
MPRegen  0.10/turn              (no ring)

@: very slightly contaminated, invisible
A: small, carnivore
a: Renounce Religion


You were on level 4 of the Dungeon.
You worshipped Okawaru.
Okawaru was noncommittal.
You were very full.

You visited 2 branches of the dungeon, and saw 6 of its levels.

You collected 201 gold pieces.

Inventory:

Hand Weapons
 a - a +0 trident (weapon)
 g - a +1 vampiric dagger
Missiles
 d - 3 throwing nets (quivered)
Armour
 b - a +0 leather armour
 c - a +0 helmet (worn)
 u - a +0 chain mail (worn)
 z - a +0 pair of boots (worn)
Jewellery
 y - a +2 amulet of reflection (around neck)
Wands
 e - a wand of digging (4)
 o - a wand of flame (25)
Scrolls
 i - 2 scrolls of remove curse {unknown}
 k - 6 scrolls of identify {unknown}
 l - a scroll of enchant armour {unknown}
 m - a scroll of magic mapping {unknown}
 n - 2 scrolls of teleportation {unknown}
 v - a scroll of amnesia {unknown}
 w - a scroll of fog {unknown}
Potions
 j - a potion of agility {unknown}
 p - a potion of might {unknown}
 r - 2 potions of flight {unknown}
 s - a potion of haste
 t - a potion of magic {unknown}
Comestibles
 f - 9 rations


   Skills:
 + Level 4.1 Fighting
 + Level 3.5 Polearms
 - Level 3.4 Throwing
 + Level 1.3 Armour
 + Level 5.3 Dodging


You had 5 spell levels left.
You didn't know any spells.
Your spell library was empty.

Dungeon Overview and Level Annotations

Branches:
Dungeon (5/15)             Temple (1/1) D:4

Altars:
Fedhas
Okawaru
Vehumet
Wu Jian
Yredelemnul
The Shining One


Innate Abilities, Weirdness & Mutations

You are small and have problems with some larger weapons.
You are carnivorous and can eat meat at any time.


Message History

The sky beast hits you but does no damage.
You hit the sky beast but do no damage.
The sky beast is heavily wounded.
The sky beast flickers out of sight!
Deactivating autopickup; reactivate with Ctrl-A.
Something hits you. Something shocks you.
* * * LOW HITPOINT WARNING * * *
You miss something. Something hits you but does no damage.
You hit something. Something hits you.
* * * LOW HITPOINT WARNING * * *
Something shocks you.
* * * LOW HITPOINT WARNING * * *
You closely miss something.
A sky beast appears from thin air!
Reactivating autopickup.
The sky beast hits you but does no damage.
It was a potion of degeneration.
There was something very wrong with that liquid.
You feel weakened.
You feel dopey.
You feel clumsy. The sky beast hits you.
You die...

#.## #.# #.#
#########.# #.........#
#.#########
###########.#########
##....)..............##
#.....@Y{........##...#
#.###..#####.###.#..#..
#.# #..# #............
#.###.## #..###..#####
#.....# #..# #....#..
##..### #..# #....#.#
#..# #..# #.)....# #..#
#..# #.....## ####..#
###..# ##....#


You could see a sky beast.

Vanquished Creatures
  An ogre (D:4)
  A hound (D:4)
  An orc wizard (D:4)
  A worker ant (D:3)
  7 gnolls
  3 adders
  A worm (D:2)
  A dart slug (D:3)
  5 leopard geckos
  3 orcs (D:4)
  3 giant cockroaches
  4 goblins
  8 hobgoblins
  7 jackals
  12 kobolds
  A quokka (D:3)
  2 ball pythons
  8 bats
  6 frilled lizards
  A leopard gecko skeleton (D:4)
  10 rats
  A plant (D:4)
87 creatures vanquished.

Notes
Turn   | Place    | Note
-------+----------+-------------------------------------------
     0 | D:1      | KnightedAnt the Kobold Gladiator began the quest for the
                  | Orb.
     0 | D:1      | Reached XP level 1. HP: 12/12 MP: 1/1
    26 | D:1      | Reached XP level 2. HP: 18/18 MP: 2/2
   233 | D:1      | Reached skill level 4 in Dodging
   233 | D:1      | Reached XP level 3. HP: 12/22 MP: 3/3
   670 | D:1      | Reached XP level 4. HP: 27/27 MP: 4/4
   834 | D:1      | You fall into a shaft and drop 1 floor!
  2086 | D:2      | Reached XP level 5. HP: 32/32 MP: 5/5
  2110 | D:2      | Found an ornate altar of the Wu Jian Council.
  2282 | D:2      | Found a blossoming altar of Fedhas.
  2842 | D:4      | Found a radiant altar of Vehumet.
  3142 | D:4      | Found a staircase to the Ecumenical Temple.
  3180 | Temple   | Entered the Ecumenical Temple
  3189 | Temple   | Became a worshipper of Warmaster Okawaru
  3293 | D:4      | Reached XP level 6. HP: 32/37 MP: 6/6
  3643 | D:3      | Reached skill level 5 in Dodging
  3894 | D:4      | Noticed an ogre
  3907 | D:4      | Killed an ogre
  3907 | D:4      | Reached skill level 1 in Armour
  4225 | D:5      | Entered Level 5 of the Dungeon
  4225 | D:5      | Noticed a sky beast
  4519 | D:4      | HP: 1/38 [something (5)]
  4521 | D:4      | Slain by a sky beast

Levels and vault maps discovered:
D:1:      grunt_arrival_crossed_arrows, layout_rooms, st_stairs_9
D:2:      layout_loops_cross, lemuel_crystal_altar,
          nicolae_overflow_hidden_temple, first_ration, serial_bayou_pond_e,
          kennysheep_generic_room_12
D:3:      layout_rooms
D:4:      layout_loops_ring, minmay_temple_entry_overgrown,
          vehumet_altar_wand_db
D:5:      layout_loops_ring, kennysheep_mini, uniq_crazy_yiuf_cottage
Temple:   eino_wide_crystal_templ

Skill      XL: |  1  2  3  4  5  6 |
---------------+-------------------+-----
Dodging        | 4 5 |  5.3
Throwing       | 3 |  3.4
Fighting       | 3 4 |  4.1
Polearms       | 3 |  3.5
Armour         | 1 |  1.3

Action                   |  1- 3 |  4- 6 || total
-------------------------+-------+-------++-------
Melee: Trident           |    65 |   358 ||   423
  Use: Potion            |       |     5 ||     5
 Stab: Sleeping          |       |     4 ||     4
       Invisible         |       |     1 ||     1
  Eat: Chunk             |     8 |    11 ||    19
Armor: Leather armour    |     9 |    39 ||    48
       Chain mail        |       |   109 ||   109
Dodge: Dodged            |    45 |   265 ||   310
Block: Other             |       |     5 ||     5

Table legend:
 A = Non-vault XP
 B = Vault XP
 C = Vault XP percentage of total XP
 D = Non-vault monster count
 E = Vault monster count
 F = Vault count percentage of total count
                 A         B        C        D         E       F
            +---------+---------+-------+---------+---------+-------
      Total |     492 |       6 |   1.2 |      81 |       5 |   5.8
            +---------+---------+-------+---------+---------+-------
        D:1 |      84 |       2 |   2.3 |      27 |       2 |   6.9
        D:2 |      57 |       2 |   3.4 |      26 |       2 |   7.1
        D:3 |     119 |       0 |   0.0 |      17 |       0 |   0.0
        D:4 |     232 |       2 |   0.9 |      11 |       1 |   8.3
            +---------+---------+-------+---------+---------+-------
